 Dungeon Crawl Stone Soup version 0.31.0-32-g396128a36d (webtiles) character file.

Game seed: 9098206831629069551

15362 MrCrawl the Geomancer (level 12, -1/75 HPs)
             Began as a Gargoyle Earth Elementalist on Apr 18, 2024.
             Was an Initiate of Gozag.
             Slain by a +1 scimitar of chaos (12 damage)
             ... on level 10 of the Dungeon.
             The game lasted 00:13:25 (14328 turns).

MrCrawl the Geomancer (GrEE)                       Turns: 14328, Time: 00:13:25

Health: -1/75      AC: 21    Str:  9    XL:     12   Next: 26%
Magic:  5/32       EV: 11    Int: 21    God:    Gozag
Gold:   1355       SH:  0    Dex: 10    Spells: 19/26 levels left

rFire   + . .        R - +6 glaive of Triumph {elec, rF+ rN++ rCorr Str-3}
rCold   . . .        (shield currently unavailable)
rNeg    + + +        E - +2 leather armour {Will+}
rPois   ∞            r - +2 helmet {SInv}
rElec   +            P - +0 cloak
rCorr   +            i - +2 pair of gloves
SInv    +            M - +0 pair of boots
Will    +....        G - amulet of the acrobat
Stlth   ++           u - ring of magical power
HPRegen 0.32/turn    L - ring of wizardry
MPRegen 0.23/turn

%: acrobat, wizardry (x1)
@: slowed, studying Evocations, very slow
A: sickness immunity, AC +8, negative energy resistance 1, electricity
resistance, torment resistance 1, petrification resistance
a: Renounce Religion, Potion Petition, Call Merchant, Bribe Branch


You were on level 10 of the Dungeon.
You worshipped Gozag.
Gozag was most pleased with you.
You visited 2 branches of the dungeon, and saw 13 of its levels.
You also visited: Sewer.

You collected 2287 gold pieces.
You spent 880 gold pieces at shops.
You paid 52 gold pieces to Gozag.

Inventory:

Hand Weapons
 k - a +3 whip of venom
 R - the +6 glaive of Triumph (weapon) {elec, rF+ rN++ rCorr Str-3}
   (You took it off Lodul on level 11 of the Dungeon)

   Str-3:     It affects your strength (-3).
   rF+:       It protects you from fire.
   rN++:      It greatly protects you from negative energy.
   rCorr:     It protects you from acid and corrosion.
Missiles
 F - 3 curare-tipped darts
Armour
 i - a +2 pair of gloves (worn)
 r - a +2 helmet of see invisible (worn)
 t - a +0 buckler
 E - a +2 leather armour of willpower (worn)
 M - a +0 pair of boots (worn)
 P - a +0 cloak (worn)
 T - a +2 robe of cold resistance
Jewellery
 u - a ring of magical power (left hand)
 G - an amulet of the acrobat (around neck)
 H - a ring of flight
 K - a ring of protection from fire
 L - a ring of wizardry (right hand)
 N - a ring of ice
 Q - a ring of wizardry
 S - a ring of ice
Wands
 v - a wand of acid (19)
 x - a wand of roots (6)
 I - a wand of digging (12)
Scrolls
 a - 2 scrolls of enchant armour
 d - 2 scrolls of brand weapon
 g - 2 scrolls of vulnerability
 h - 2 scrolls of amnesia
 l - 3 scrolls of fog
 m - 2 scrolls of torment
 o - a scroll of poison
 p - 2 scrolls of enchant weapon
 q - 2 scrolls of noise
 s - 2 scrolls of revelation
 y - 3 scrolls of teleportation
 B - a scroll of fear
 D - a scroll of blinking
 J - a scroll of summoning {unknown}
 O - a scroll of silence {unknown}
Potions
 b - 3 potions of magic
 c - 6 potions of heal wounds {unknown}
 e - 5 potions of degeneration {unknown}
 f - 8 potions of curing {unknown}
 j - 8 potions of lignification {unknown}
 n - a potion of attraction {unknown}
 w - a potion of enlightenment {unknown}
 z - 5 potions of resistance {unknown}
 A - 2 potions of invisibility {unknown}
 C - 2 potions of might {unknown}


   Skills:
 + Level 8.6 Fighting
 - Level 3.0 Dodging
 - Level 4.0 Stealth
 - Level 6.0 Shields
 + Level 7.7 Spellcasting
 + Level 8.9 Conjurations
 * Level 13.6 Earth Magic
 + Level 6.3 Evocations


You had 19 spell levels left.
You knew the following spells:

 Your Spells              Type           Power      Damage    Failure   Level
a - Sandblast             Erth           100%       2d20      1%          1
b - Stone Arrow           Conj/Erth      100%       3d13      1%          3
c - Passwall              Erth           60%        N/A       1%          3

Your spell library contained the following spells:

 Spells                   Type           Power      Damage    Failure   Level
 Brom's Barrelling Bould  Conj/Erth      53%        2d7       1%          4
 Dazzling Flash           Conj/Hex       52%        N/A       2%          3
 Petrify                  Alch/Erth      36%        N/A       2%          4
 Ensorcelled Hibernation  Hex/Ice        16%        N/A       7%          2
 Summon Ice Beast         Ice/Summ       8%         N/A       14%         3
 Swiftness                Air            8%         N/A       14%         3
 Volatile Blastmotes      Fire/Tloc      16%        2d11      14%         3
 Starburst                Conj/Fire      13%        6d5       71%         6
 Summon Mana Viper        Hex/Summ       8%         N/A       75%         5
 Monstrous Menagerie      Summ           4%         N/A       100%        7
 Maxwell's Capacitive Co  Air            4%         ∞         100%        8


Dungeon Overview and Level Annotations

Branches:
Dungeon (12/15)            Temple (1/1) D:5            Lair (0/5) D:10
    Orc (0/2) D:11          Sewer (visited)

Altars:
Ashenzari
Cheibriados
Dithmenos
Elyvilon
Fedhas
Gozag
Hepliaklqana
Kikubaaqudgha
Makhleb
Nemelex Xobeh
Okawaru
Qazlal
Ru
Sif Muna
Trog
Uskayaw
Vehumet
Wu Jian
Xom
Yredelemnul
Zin
The Shining One

Shops:
D:8 :

Portals:
Trove: D:10 (give 2 scrolls of acquirement)

Annotations:
D:10 kwass's ghost, novice AtBe
Temple 2 transporters


Innate Abilities, Weirdness & Mutations

You are immune to sickness and miasma.
Your stone body is resilient. (AC +8)
You are immune to poison.
You resist negative energy. (rN+)
You are resistant to electric shocks. (rElec)
You are resistant to unholy torment.
You are immune to petrification.


Message History

You see here 4 stones.
Kwass's ghost turns its malevolent gaze towards you.
Could not explore, unopened runed door.
Search for what [Enter for "."]?
Unknown command.
Unknown command.
Unknown command.
You open the door. The +1 scimitar of chaos hits you!!
The +1 scimitar of chaos burns you.
The stone arrow misses the +1 scimitar of chaos.
The stone arrow hits kwass's ghost!!
Kwass's ghost is moderately damaged.
The +1 scimitar of chaos hits you! x2; The +1 scimitar of chaos burns you.
The stone arrow misses the +1 scimitar of chaos.
The stone arrow hits kwass's ghost but does no damage.
Kwass's ghost is moderately damaged.
The +1 scimitar of chaos hits you.
The stone arrow hits the +1 scimitar of chaos!
The +1 scimitar of chaos is heavily damaged.
The +1 scimitar of chaos hits you but does no damage.
You feel yourself slow down. The +1 scimitar of chaos hits you.
The +1 scimitar of chaos freezes you.
You are too injured to fight recklessly!
You are too injured to fight recklessly!
You are too injured to fight recklessly!
Unknown command.
Casting: Stone Arrow (safe; 1% risk of failure)
Confirm with . or Enter, or press ? or * to list all spells.
Aiming: Stone Arrow (safe; 1% risk of failure)
Press: ? - help, Shift-Dir - straight line, f/p - +1 scimitar of chaos
Aim: a +1 scimitar of chaos (heavily damaged, 55% to hit)
The stone arrow misses the +1 scimitar of chaos.
The stone arrow hits kwass's ghost!!
Kwass's ghost is severely damaged.
The +1 scimitar of chaos hits you!!
* * * LOW HITPOINT WARNING * * *
You feel your power leaking away. The +1 scimitar of chaos hits you!
You die...
Your body crumbles into a pile of gold.

#.# #.# #.# #.# #.##
#.# #.# #..# #.#
####.## ##.## #.#
......#####...####.#
####..##....#>.....#
#..##.##..(#..###
#.........#.....#
#..##.#####..@..#
####..##.# ###(###
......##.# #.W$#
####..##.# ##.##
.........# ###
##########


You could see a +1 scimitar of chaos and kwass's ghost.

Vanquished Creatures
  Fannar (D:10)
  3 two-headed ogres
  Lodul (D:11)
  A gargoyle (D:10)
  A kobold demonologist (D:11)
  An unseen horror (D:8)
  A troll (D:9)
  Prince Ribbit (D:8)
  9 spriggans (D:8)
  21 yaks
  A wyvern (D:8)
  A shadow (D:11)
  A wraith (D:12)
  A warg (D:11)
  4 steam dragons
  An acid dragon (D:10)
  Edmund (D:5)
  2 water moccasins
  Duvessa (D:5)
  A black bear (D:6)
  3 ice beasts
  8 ogres
  6 orc warriors
  A wolf (D:8)
  7 centaurs
  2 phantoms
  4 kobold brigands
  4 bullfrogs
  4 scorpions
  Dowan (D:5)
  6 wights (D:8)
  5 killer bees (D:7)
  An electric eel (D:8)
  4 howler monkeys
  A bombardier beetle (D:5)
  A wyvern simulacrum (D:8)
  2 hounds
  A sleepcap (D:5)
  9 orc priests
  Jessica (D:3)
  5 iguanas
  14 orc wizards
  A killer bee simulacrum (D:8)
  10 gnolls
  4 river rats (Sewer)
  9 adders
  2 shadow imps
  6 white imps
  An ufetubus (D:8)
  2 ribbon worms
  A dart slug (D:5)
  41 orcs
  15 ball pythons
  3 endoplasms
  4 giant cockroaches
  4 hobgoblins
  34 kobolds
  6 quokkas (D:1)
  11 bats
  4 frilled lizards
  3 goblins
  29 rats
334 creatures vanquished.

Notes
Turn   | Place    | Note
-------+----------+-------------------------------------------
     0 | D:1      | MrCrawl the Gargoyle Earth Elementalist began the quest for
                  | the Orb.
     0 | D:1      | Reached XP level 1. HP: 10/10 MP: 3/3
   158 | D:1      | Reached XP level 2. HP: 15/15 MP: 0/5
  1134 | D:2      | Reached skill level 4 in Earth Magic
  1134 | D:2      | Reached XP level 3. HP: 18/19 MP: 3/6
  1430 | D:2      | Reached XP level 4. HP: 24/24 MP: 5/7
  1892 | D:2      | Learned a level 3 spell: Stone Arrow
  1896 | D:2      | Learned a level 3 spell: Passwall
  2060 | D:3      | Noticed Jessica
  2065 | D:3      | Killed Jessica
  2198 | D:3      | Reached XP level 5. HP: 28/28 MP: 2/9
  2947 | D:4      | Found a glowing drain.
  2960 | Sewer    | Entered a sewer
  3028 | Sewer    | Noticed a kobold brigand
  3032 | Sewer    | Killed a kobold brigand
  3033 | Sewer    | Reached skill level 1 in Shields
  3033 | Sewer    | Reached XP level 6. HP: 31/33 MP: 6/10
  3098 | Sewer    | Reached skill level 1 in Fighting
  4023 | D:4      | Reached XP level 7. HP: 39/39 MP: 8/11
  4209 | D:4      | Reached skill level 5 in Earth Magic
  4435 | D:5      | Entered Level 5 of the Dungeon
  4664 | D:5      | Noticed Edmund
  4675 | D:5      | Killed Edmund
  4676 | D:5      | Reached skill level 6 in Earth Magic
  4676 | D:5      | Reached XP level 8. HP: 46/46 MP: 1/13
  4986 | D:5      | Found a staircase to the Ecumenical Temple.
  5002 | Temple   | Found a transporter.
  5002 | Temple   | Found a transporter.
  5002 | Temple   | Found a transporter.
  5002 | Temple   | Found a transporter.
  5002 | Temple   | Entered the Ecumenical Temple
  5022 | Temple   | Became a worshipper of Gozag Ym Sagoz the Greedy
  5071 | D:5      | Noticed Dowan
  5078 | D:5      | Killed Dowan
  5139 | D:5      | Noticed Duvessa
  5151 | D:5      | HP: 2/46 [Duvessa/+0 short sword (3)]
  5154 | D:5      | Killed Duvessa
  5155 | D:5      | Reached skill level 7 in Earth Magic
  5637 | D:5      | Found a glowing golden altar of the Shining One.
  6116 | D:6      | Noticed a two-headed ogre
  6120 | D:6      | Reached XP level 9. HP: 52/52 MP: 0/15
  6250 | D:5      | Killed a two-headed ogre
  6251 | D:5      | Reached skill level 5 in Conjurations
  6251 | D:5      | Reached skill level 8 in Earth Magic
  6441 | D:6      | Reached skill level 5 in Spellcasting
  6545 | D:6      | Reached skill level 5 in Fighting
  6690 | D:6      | Reached skill level 5 in Shields
  6690 | D:6      | Reached skill level 9 in Earth Magic
  7581 | D:7      | Reached XP level 10. HP: 46/60 MP: 15/18
  8418 | D:8      | Reached skill level 10 in Earth Magic
  8990 | D:8      | Found Delex's Vocational Training.
  8995 | D:8      | Bought a manual of Evocations for 880 gold pieces
  9186 | D:8      | Reached skill level 1 in Evocations
  9242 | D:8      | Noticed Prince Ribbit
  9246 | D:8      | Killed Prince Ribbit
  9247 | D:8      | Reached skill level 11 in Earth Magic
  9881 | D:8      | Reached XP level 11. HP: 60/66 MP: 8/20
 10034 | D:8      | Noticed a two-headed ogre
 10040 | D:8      | Killed a two-headed ogre
 10238 | D:8      | Noticed a two-headed ogre
 10244 | D:8      | Killed a two-headed ogre
 10245 | D:8      | Reached skill level 12 in Earth Magic
 10711 | D:8      | Found a hide-covered altar of Uskayaw.
 11747 | D:9      | Reached skill level 5 in Evocations
 12038 | D:9      | Reached skill level 13 in Earth Magic
 12469 | D:10     | Entered Level 10 of the Dungeon
 12879 | D:10     | Found a portal to a secret trove of treasure.
 12997 | D:10     | Found a staircase to the Lair.
 13015 | D:10     | You fall into a shaft and drop 1 floor!
 13116 | D:11     | Noticed Lodul
 13120 | D:11     | Reached XP level 12. HP: 70/74 MP: 22/23
 13351 | D:11     | Identified the +6 glaive of Triumph {elec, rF+ rN++ rCorr
                  | Str-3}
 13358 | D:11     | Killed Lodul
 13432 | D:11     | Noticed a soul eater
 13433 | D:11     | Noticed a soul eater
 13650 | D:11     | Found a staircase to the Orcish Mines.
 13872 | D:10     | Found a shimmering altar of Xom.
 13872 | D:10     | Noticed kwass's ghost (novice AtBe)
 14022 | D:10     | Found a runed translucent door.
 14051 | D:10     | Found a glowing silver altar of Zin.
 14135 | D:10     | Noticed Fannar
 14145 | D:10     | Killed Fannar
 14328 | D:10     | Slain by a +1 scimitar of chaos

Illustrated notes

Levels and vault maps discovered:
D:1:      tekkud_arrival_beachfront_property, layout_basic
D:2:      layout_basic
D:3:      layout_basic, uniq_jessica
D:4:      minmay_chambers_of_fours, layout_rooms, cheibrodos_sewer_entry_sluice
D:5:      layout_cave_pools, nicolae_tso_swordbearing_angel,
          minmay_temple_entry_mini_moons, uniq_duvessa, uniq_edmund
D:6:      layout_layer_cave
D:7:      layout_basic
D:8:      kb_forest_paths, layout_basic, nicolae_uskayaw_dance_hall, serial_ice,
          serial_ice_a, serial_ice_l, serial_ice_m, serial_ice_c, serial_ice_d,
          serial_ice_e, nicolae_shop_vocational, uniq_prince_ribbit1
D:9:      layout_roguey
D:10:     layout_loops_ring, zin_scriptorium, lair_entry_dummy,
          ebering_ghost_xom, enter_trove_3, uniq_fannar
D:11:     layout_roguey, david_orc_3, grunt_decor_cap, uniq_lodul
D:12:     layout_long_grid, gammafunk_ghost_nasty_kobolds
Temple:   hellmonk_temple_divided_pantheon

Skill      XL: |  1  2  3  4  5  6  7  8  9 10 11 12 |
---------------+-------------------------------------+-----
Earth Magic    | 4 6 7 9 11 13 | 13.6
Dodging        | 2 3 |  3.0
Conjurations   | 2 3 4 6 7 8 |  8.9
Stealth        | 3 4 |  4.0
Shields        | 1 2 4 5 6 |  6.0
Fighting       | 1 3 4 5 6 8 |  8.6
Spellcasting   | 3 4 5 6 7 |  7.7
Evocations     | 2 5 6 |  6.3

Action                     |  1- 3 |  4- 6 |  7- 9 | 10-12 || total
---------------------------+-------+-------+-------+-------++-------
  Melee: Short sword       |    12 |       |       |       ||    12
         Whip              |     2 |    61 |    25 |   120 ||   208
         Glaive            |       |       |       |     5 ||     5
   Cast: Sandblast         |    35 |   101 |    47 |     1 ||   184
         Stone Arrow       |       |       |   102 |   252 ||   354
         Passwall          |       |       |       |     1 ||     1
    Use: Scroll            |       |     2 |     8 |     3 ||    13
 Armour: Robe              |    12 |       |       |       ||    12
         Leather armour    |     9 |    73 |    80 |   151 ||   313
  Dodge: Dodged            |    17 |   113 |    53 |    91 ||   274
  Block: Buckler           |       |    18 |    19 |    35 ||    72
